General information
- name: BNet
- type: Ladder 1vs1/FFA
- host: Battle.net
- saver: 7.41
map: LostTemple
- players: 2
- length: 42:25
- speed: Fast
- version: 1.26 W3XP
- replay type: Public
» download(146 KB)
Players
team 1 (loser)
assbuzz (
teal | 148 APM | 6246 actions | 42:19)
4 Death Knight
2 Death Coil
2 Unholy Aura
4 Lich
2 Frost Nova
2 Frost Armor
2 Dreadlord
1 Sleep
1 Vampiric Aura
» actions
| Assign group hotkey | 56 | |
| Basic commands | 12 | |
| Build / train | 84 | |
| ESC pressed | 5 | |
| Enter build submenu | 16 | |
| Enter hero's abilities submenu | 10 | |
| Give item / drop item | 8 | |
| Right click | 3008 | |
| Select / deselect | 410 | |
| Select group hotkey | 2493 | |
| Use ability | 144 | |
6246 total
» units
| Acolyte | 12 | |
| Ghoul | 5 | |
| Crypt Fiend | 11 | |
| Obsidian Statue | 3 | |
| Goblin Shredder | 1 | |
| Necromancer | 1 | |
| Goblin Zeppelin | 1 | |
34 total
» upgrades
| Burrow | 1 | |
| Banshee Training | 2 | |
| Web | 1 | |
| Destroyer Form | 2 | |
| Creature Attack | 3 | |
| Skeletal Mastery | 1 | |
| Ghoul Frenzy | 1 | |
| Creature Carapace | 2 | |
| Necromancer Training | 1 | |
| Skeletal Longevity | 1 | |
| Backpack | 1 | |
16 total
» buildings
| Altar of Darkness | 1 | |
| Ziggurat | 11 | |
| Crypt | 1 | |
| Tomb of Relics | 1 | |
| Nerubian Tower | 1 | |
| Halls of the Dead | 2 | |
| Graveyard | 1 | |
| Black Citadel | 1 | |
| Temple of the Damned | 1 | |
| Slaughterhouse | 1 | |
| Sacrificial Pit | 1 | |
| Spirit Tower | 1 | |
23 total
» build order
00:06 Altar of Darkness
00:09 Ziggurat
00:34 Crypt
00:57 Tomb of Relics
01:17 Nerubian Tower
01:42 Ziggurat
03:06 Halls of the Dead
03:07 Halls of the Dead
04:09 Graveyard
04:23 Ziggurat
05:39 Black Citadel
05:56 Temple of the Damned
08:10 Slaughterhouse
08:36 Sacrificial Pit
09:10 Ziggurat
13:40 Spirit Tower
14:56 Ziggurat
14:56 Ziggurat
14:57 Ziggurat
20:19 Ziggurat
20:52 Ziggurat
20:54 Ziggurat
20:56 Ziggurat
» items
| Rod of Necromancy | 4 | |
| Dust of Appearance | 3 | |
| Orb of Corruption | 2 | |
| Scroll of Town Portal | 1 | |
10 total
team 2 (winner)
7.41 (
yellow | 62 APM | 2636 actions | 42:25)
6 Blademaster
2 Wind Walk
3 Critical Strike
1 Bladestorm
» actions
| Assign group hotkey | 45 | |
| Basic commands | 98 | |
| Build / train | 86 | |
| ESC pressed | 1 | |
| Enter build submenu | 96 | |
| Enter hero's abilities submenu | 6 | |
| Give item / drop item | 14 | |
| Right click | 1093 | |
| Select / deselect | 554 | |
| Select group hotkey | 248 | |
| Use ability | 395 | |
2636 total
» units
| Peon | 16 | |
| Goblin Shredder | 2 | |
| Troll Batrider | 10 | |
| Troll Witch Doctor | 2 | |
| Goblin Zeppelin | 3 | |
| Goblin Sapper | 3 | |
36 total
» upgrades
| Ranged Weapons | 3 | |
| Liquid Fire | 1 | |
| Armor | 3 | |
| Witch Doctor Training | 2 | |
| Spirit Walker Training | 2 | |
| Ensnare | 1 | |
| Spiked Barricades | 3 | |
| Reinforced Defenses | 1 | |
| Shaman Training | 1 | |
| Envenomed Spears | 1 | |
| Pulverize | 1 | |
19 total
» buildings
| Altar of Storms | 2 | |
| Orc Burrow | 7 | |
| Voodoo Lounge | 3 | |
| War Mill | 2 | |
| Watch Tower | 85 | |
| Great Hall | 4 | |
| Stronghold | 2 | |
| Beastiary | 3 | |
| Fortress | 1 | |
| Spirit Lodge | 2 | |
| Tauren Totem | 1 | |
112 total
» build order
00:05 Altar of Storms
00:18 Orc Burrow
00:58 Voodoo Lounge
01:27 Orc Burrow
01:40 War Mill
02:55 Watch Tower
02:59 Watch Tower
03:19 Watch Tower
03:43 Watch Tower
04:07 Watch Tower
04:09 Watch Tower
04:28 Watch Tower
04:39 Watch Tower
04:42 Watch Tower
04:57 Watch Tower
05:13 Watch Tower
05:33 Great Hall
06:03 Stronghold
06:10 Watch Tower
06:23 Watch Tower
07:17 Watch Tower
07:18 Watch Tower
07:21 Watch Tower
07:30 Watch Tower
07:31 Watch Tower
07:32 Watch Tower
07:33 Watch Tower
07:34 Watch Tower
08:00 Orc Burrow
08:27 Voodoo Lounge
09:19 Watch Tower
09:20 Watch Tower
09:48 Orc Burrow
10:02 Watch Tower
10:05 Watch Tower
10:10 Beastiary
10:42 Orc Burrow
10:45 Beastiary
10:54 Beastiary
11:36 Fortress
13:47 Spirit Lodge
14:24 Spirit Lodge
15:54 Great Hall
15:56 Watch Tower
15:57 Watch Tower
15:57 Watch Tower
15:58 Watch Tower
17:04 Watch Tower
17:06 Watch Tower
17:07 Watch Tower
17:09 Watch Tower
18:10 Watch Tower
18:11 Watch Tower
18:12 Watch Tower
18:14 Watch Tower
21:40 Tauren Totem
22:17 Watch Tower
22:24 Great Hall
22:27 Watch Tower
22:28 Watch Tower
22:29 Watch Tower
22:29 Watch Tower
22:31 Watch Tower
22:31 Watch Tower
23:50 Watch Tower
23:51 Watch Tower
24:38 Watch Tower
24:39 Watch Tower
32:40 Watch Tower
32:42 Watch Tower
32:43 Watch Tower
33:10 Watch Tower
33:11 Watch Tower
33:14 Watch Tower
33:18 Watch Tower
33:22 Watch Tower
33:23 Watch Tower
33:24 Watch Tower
33:51 Watch Tower
33:52 Watch Tower
33:54 Watch Tower
33:56 Watch Tower
33:57 Watch Tower
33:58 Watch Tower
33:59 Watch Tower
34:00 Watch Tower
34:02 Watch Tower
37:35 Watch Tower
37:35 Watch Tower
37:37 Watch Tower
37:39 Watch Tower
37:41 Watch Tower
37:41 Watch Tower
38:14 Orc Burrow
38:42 Great Hall
38:46 Watch Tower
38:49 Watch Tower
38:55 Watch Tower
38:56 Watch Tower
39:02 Watch Tower
39:03 Watch Tower
39:03 Watch Tower
39:56 Watch Tower
39:56 Watch Tower
40:08 Orc Burrow
40:25 War Mill
40:26 Altar of Storms
40:31 Voodoo Lounge
40:39 Watch Tower
40:42 Watch Tower
40:43 Watch Tower
41:46 Stronghold
» items
| Lesser Clarity Potion | 6 | |
| Healing Salve | 4 | |
| Boots of Speed | 1 | |
| Periapt of Vitality | 1 | |
| Potion of Lesser Invulnerability | 1 | |
| Scroll of Town Portal | 1 | |
| Potion of Mana | 3 | |
| Orb of Lightning | 1 | |
| Potion of Healing | 2 | |
20 total
Chat log
(42:02 / All) assbuzz: gg
(42:05 / All) 7.41: LOL?
(42:08 / All) 7.41: just started man
(42:13 / All) assbuzz: yeah